Map: Golden Wall LE

Players

antagomiR

  • Race: Protoss Protoss
  • League: Gold
  • Spawn Location: 7:00

MARCHBANK - Winner!

  • Race: Protoss Protoss
  • League: Gold
  • Spawn Location: 5:00

VOD

Have the link to the VOD?

Description

Time

  • Played on: April 1, 2020, 7:30 p.m.
  • Length: 3:03
Show
View Real Time Build Order
Export as new Build Order

antagomiR Protoss 

Build Orders:  

Get SALT Encoding   

  12  0:00  Probe  
  13  0:13  Probe  
  14  0:40  Pylon  
  14  0:43  Probe  
  15  0:58  Probe  
  15  1:03  Gateway  
  16  1:10  Probe  
  17  1:22  Probe  
  18  1:34  Probe  
  18  1:46  Probe  
  19  1:59  Probe  
  18  2:10  Zealot  
Show
View Real Time Build Order
Export as new Build Order

MARCHBANK Protoss - Winner!

Build Orders:  

Get SALT Encoding   

  12  0:16  Pylon  
  12  0:21  Assimilator  
  12  0:23  Probe  
  13  0:43  Forge  
  13  0:52  Pylon  
  13  1:01  Pylon  
  13  1:10  Pylon  
  13  1:26  Photon Cannon  
  13  1:38  Pylon  
  13  1:49  Pylon  
  12  2:18  Pylon  
  12  2:26  Pylon  
  12  2:41  Probe  
  12  2:44  Pylon  
  13  2:49  Gateway  
Tags
 
League
GoldGold
Matchup
PvP
Replay Pack
20200422
Spawn Locations
Close Positions
Add a new tag
Caveats
  • Supply blocks, unpowered buildings, or Contaminate may cause inaccurate times.
  • Supply counts are checked every 10 seconds.